 Dungeon Crawl Stone Soup version 0.29.1-15-g9cfb28693d (webtiles) character file.

Game seed: 12299139303763139123

63555 Smoke131 the Blocker (level 14, -4/171 HPs)
             Began as a Troll Gladiator on Feb 27, 2023.
             Was the Champion of Okawaru.
             Slain by an Executioner (6 damage)
             ... on level 1 of the Abyss.
             The game lasted 01:29:06 (21815 turns).

Smoke131 the Blocker (Troll Gladiator)             Turns: 21815, Time: 01:29:07

Health: -4/171     AC:  9    Str: 25    XL:     14   Next: 68%
Magic:  14/14      EV: 10    Int:  0    God:    Okawaru [******]
Gold:   1763       SH: 10    Dex:  7    Spells: 13/13 levels left

rFire   + + .      SeeInvis .     - Unarmed
rCold   + . .      Faith    .   L - +0 kite shield
rNeg    + . .      Spirit   .   Q - +1 robe of Viegec {rPois rF++ Regen+ Stlth+}
rPois   +          Reflect  .   b - +1 hat
rElec   .          Harm     .   (no cloak)
rCorr   +          Rampage  .   (gloves unavailable)
Will    +....      Rage     9%  (boots unavailable)
Stlth   ..........              x - amulet of regeneration
HPRegen 2.78/turn               A - ring of protection from fire
MPRegen 0.14/turn               p - ring of the Endless Expanse {rF- rC+ rN+ rCorr AC+4}

@: berserking, slowed, lost intelligence, unable to read, unable to drink
A: large, unfitting armour, claws 3, regeneration 1, shaggy fur 1, tough skin 1,
deformed body, robust 1, [berserk 2], [clumsy 2], [deterioration 2], [dopey 2],
[frail 3], [low MP 3], [screaming 2], ([teleportitis 2]), [weak 2], [no potion
heal 2], [subdued magic 2], [inability to drink after injury 2], [inability to
read after injury 2]
a: Renounce Religion, Heroism, Finesse, Duel


You were on level 1 of the Abyss.
You worshipped Okawaru.
Okawaru was exalted by your worship.
You visited 4 branches of the dungeon, and saw 20 of its levels.
You visited the Abyss 1 time.
You also visited: Ossuary.

You collected 1763 gold pieces.

Inventory:

Missiles
 c - 4 throwing nets
 k - 53 poisoned darts
 l - 7 javelins
 q - 3 silver boomerangs
 r - 2 boomerangs
 s - 9 curare-tipped darts
 G - 2 atropa-tipped darts
 P - a boomerang of dispersal
 T - 19 large rocks (quivered)
 V - a silver javelin
Armour
 b - a +1 hat (worn)
 L - a +0 kite shield (worn)
 Q - the +1 robe of Viegec (worn) {rPois rF++ Regen+ Stlth+}
   (Okawaru gifted it to you on level 5 of the Lair of Beasts)

   rF:        It greatly protects you from fire.
   rPois:     It protects you from poison.
   Regen:     It increases your rate of health regeneration.
   Stlth:     It makes you more stealthy.
Jewellery
 h - a ring of resist corrosion
 m - a ring of fire
 p - the ring of the Endless Expanse (right claw) {rF- rC+ rN+ rCorr AC+4}
   (You found it on level 5 of the Lair of Beasts)

   [ring of protection]

   AC:        It affects your AC (+4).
   rF:        It makes you vulnerable to fire.
   rC:        It protects you from cold.
   rN:        It protects you from negative energy.
   rCorr:     It protects you from acid and corrosion.
 x - an amulet of regeneration (around neck)
 A - a ring of protection from fire (left claw)
 E - a ring of ice
 F - a ring of ice
Wands
 y - a wand of charming (11)
 B - a wand of roots (3)
 C - a wand of light (3)
 D - a wand of polymorph (6)
 O - a wand of flame (22)
Scrolls
 d - 4 scrolls of poison
 f - 4 scrolls of teleportation
 n - 3 scrolls of amnesia
 u - 2 scrolls of enchant armour
 z - a scroll of immolation
 I - a scroll of magic mapping
 K - 2 scrolls of blinking
 M - a scroll of fear
 N - a scroll of enchant weapon
Potions
 a - 5 potions of flight
 e - a potion of mutation
 g - 4 potions of curing
 i - a potion of heal wounds
 j - 3 potions of resistance
 o - 5 potions of lignification
 t - 2 potions of might
 v - 2 potions of magic
 w - 2 potions of cancellation
 J - 2 potions of attraction
 S - 3 potions of brilliance
 U - 2 potions of ambrosia


   Skills:
 - Level 10.0 Fighting
 - Level 10.0 Throwing
 - Level 10.0 Dodging
 + Level 10.8 Shields
 - Level 10.0 Unarmed Combat
 - Level 10.0 Invocations


You had 13 spell levels left.
You didn't know any spells.
Your spell library contained the following spells:

 Spells                   Type           Power      Damage    Failure   Level
 Beastly Appendage        Tmut           0%         N/A       73%         1
 Necrotise                Necr           0%         1d4       73%         1
 Shock                    Conj/Air       0%         1d3       73%         1
 Wereblood                Tmut           0%         N/A       86%         2
 Frozen Ramparts          Ice            0%         1d1       98%         3
 Spider Form              Tmut/Pois      0%         N/A       98%         3
 Swiftness                Air            0%         N/A       98%         3
 Vampiric Draining        Necr           0%         2d6       98%         3
 Airstrike                Air            0%         2d(0-16)  100%        4
 Anguish                  Hex/Necr       0%         N/A       100%        4
 Petrify                  Tmut/Erth      0%         N/A       100%        4
 Agony                    Necr           0%         N/A       100%        5
 Blade Hands              Tmut           0%         N/A       100%        5
 Metabolic Englaciation   Hex/Ice        0%         N/A       100%        5
 Dispersal                Tloc           0%         N/A       100%        6
 Iron Shot                Conj/Erth      0%         9d1       100%        6
 Statue Form              Tmut/Erth      0%         N/A       100%        6
 Enfeeble                 Hex            0%         N/A       100%        7
 Disjunction              Tloc           0%         N/A       100%        8
 Call Canine Familiar     Summ           Unusable   N/A       N/A         3
 Summon Guardian Golem    Hex/Summ       Unusable   N/A       N/A         3
 Animate Armour           Summ/Erth      Unusable   N/A       N/A         4

Dungeon Overview and Level Annotations

Branches:
Dungeon (12/15)            Temple (1/1) D:4            Lair (5/5) D:9
  Swamp (0/4) Lair:3        Snake (0/4) Lair:2        Slime (0/5) Lair:4
    Orc (2/2) D:12        Ossuary (visited)
    Elf: Orc:2

Altars:
Ashenzari
Cheibriados
Dithmenos
Elyvilon
Fedhas
Gozag
Hepliaklqana
Kikubaaqudgha
Makhleb
Nemelex Xobeh
Okawaru
Qazlal
Ru
Sif Muna
Trog
Uskayaw
Vehumet
Wu Jian
Xom
Yredelemnul
Zin
The Shining One

Shops:
Orc:1 *   Orc:2 [[

Annotations:
Orc:2 Erolcha


Innate Abilities, Weirdness & Mutations

You are too large for most types of armour.
You have claws for hands.
Your natural rate of healing is unusually fast.
You are covered in fur. (AC +1)
You have tough skin. (AC +1)
Armour fits poorly on your strangely shaped body.
You are robust. (+10% HP)
[You have an uncontrollable temper.]
[You are very clumsy. (Dex -4)]
[Your body often deteriorates upon taking damage.]
[You are very dopey. (Int -4)]
[You are extremely frail. (-30% HP)]
[Your magical capacity is extremely low. (-30% MP)]
[You frequently scream uncontrollably at your foes.]
[((You are often teleported next to monsters.))]
[You are very weak. (Str -4)]
[Potions cannot restore your health.]
[Your spells are easier to cast, but less powerful.]
[You sometimes lose the ability to drink potions when taking damage.]
[You sometimes lose the ability to read scrolls when taking damage.]


Message History

The Executioner hits you.
* * * LOW HITPOINT WARNING * * *
The thrashing horror tramples you.
* * * LOW HITPOINT WARNING * * *
You hold your ground!
The thrashing horror tramples you but does no damage.
The Executioner hits you!
You feel threatened and lose the ability to drink potions!
* * * LOW HITPOINT WARNING * * *
The Executioner hits you!
* * * LOW HITPOINT WARNING * * *
The Executioner hits you but does no damage.
The Executioner barely misses you. The Executioner hits you.
* * * LOW HITPOINT WARNING * * *
The Executioner hits you but does no damage.
You claw the Executioner!
The Executioner is severely wounded.
You block the Executioner's attack. x2
The Executioner hits you but does no damage.
The Executioner closely misses you. x2; The Executioner hits you.
* * * LOW HITPOINT WARNING * * *
The thrashing horror closely misses you.
You block the thrashing horror's attack.
The tentacled starspawn bites you.
* * * LOW HITPOINT WARNING * * *
You block the tentacled starspawn's attack.
The Executioner barely misses you. The Executioner hits you.
* * * LOW HITPOINT WARNING * * *
The Executioner hits you but does no damage.
The wretched star pulses with an eldritch light!
You feel the urge to shout.
You feel a strong urge to scream. The thrashing horror misses you.
The thrashing horror tramples you.
* * * LOW HITPOINT WARNING * * *
You hold your ground!
You closely miss the Executioner.
The Executioner is severely wounded.
The Executioner hits you.
* * * LOW HITPOINT WARNING * * *
The Executioner hits you.
You die...

. #. ### ### #.
.§#...#.# ..#.#..
#..#.## ## #.##§##
.##.###.. #
#.@1*.##.#.. . ..
#XX*....# § ...#
#/w#.....# .§ .. #
.──#.#*#.#..# .3..
..##.. ..#...#.. .#.
# .. .....####...#
>... .
....##...#..##.#3...#
#### #. ##...##5...#
X # ..###.** ##


You could see a tentacled starspawn, 2 wretched stars, an Executioner (fast), a
thrashing horror, a starspawn tentacle (distracted) and a lurking horror.

Vanquished Creatures
  Donald (Orc:1)
  Kirke (Lair:3)
  3 hydras
  Fannar (Lair:3)
  Josephine (D:10)
  3 boulder beetles
  Harold (D:9)
  2 two-headed ogres
  A thrashing horror (Abyss:1)
  Sonja (Orc:1)
  A lindwurm (Lair:2)
  Pikel (D:8)
  2 orc knights
  2 bog bodies (Lair:3)
  An orc sorcerer (Orc:2)
  An ugly thing (D:9)
  2 manticores
  4 cyclopes
  13 elephants
  7 black mambas
  A gargoyle (D:12)
  15 cane toads
  3 unseen horrors
  6 komodo dragons
  3 kobold demonologists (D:12)
  2 rime drakes (Lair:4)
  An ice devil (Abyss:1)
  6 trolls
  6 hornets
  Grinder (D:4)
  6 polar bears
  23 blink frogs
  3 large abominations (Abyss:1)
  A dream sheep (Lair:5)
  2 shadows
  A ynoxinul (Abyss:1)
  13 spriggans (Lair:5)
  Sigmund (D:5)
  5 wraiths
  2 vampires
  7 basilisks
  A human (Lair:4)
  21 yaks
  11 wyverns
  2 hogs (Lair:3)
  A chaos spawn (Abyss:1)
  2 steam dragons
  4 vampire mosquitoes
  9 wargs
  4 acid dragons
  9 water moccasins
  A hell hound (Lair:4)
  2 sky beasts (D:8)
  An ice beast (D:6)
  6 black bears
  25 orc warriors
  6 ogres
  33 wolves
  3 boggarts (Lair:5)
  4 centaurs
  A phantom (D:5)
  5 kobold brigands
  9 bullfrogs
  3 scorpions (D:5)
  A gnoll sergeant (D:7)
  3 necrophages
  A small abomination (Abyss:1)
  4 wights (D:9)
  2 howler monkeys
  5 centaur zombies (Ossuary)
  A quasit (Abyss:1)
  An iron imp (Abyss:1)
  19 orc priests
  4 hounds
  5 iguanas
  31 orc wizards
  16 hell rats
  6 mummies (Ossuary)
  10 gnolls
  6 adders
  A shadow imp (D:8)
  A white imp (D:7)
  An ufetubus (Abyss:1)
  4 worms
  A dart slug (D:1)
  95 orcs
  6 ball pythons
  4 bats
  4 endoplasms
  2 giant cockroaches
  8 goblins
  12 hobgoblins
  3 quokkas
  8 frilled lizards
  20 kobolds
  6 rats
611 creatures vanquished.

Vanquished Creatures (others)
  An orc priest (Orc:2)
  31 fungi
  63 plants
  2 starspawn tentacles (Abyss:1)
97 creatures vanquished.

Grand Total: 708 creatures vanquished

Notes
Turn   | Place    | Note
-------+----------+-------------------------------------------
     0 | D:1      | Smoke131 the Troll Gladiator began the quest for the Orb.
     0 | D:1      | Reached XP level 1. HP: 19/19 MP: 0/0
   165 | D:1      | Reached XP level 2. HP: 28/28 MP: 1/1
   985 | D:2      | Identified the +3 robe "Zaus" {rF+ rCorr}
   999 | D:2      | Reached XP level 3. HP: 35/35 MP: 2/2
  1509 | D:3      | Reached XP level 4. HP: 35/44 MP: 3/3
  1569 | D:3      | Found a burning altar of Makhleb.
  1571 | D:3      | Found a shimmering altar of Xom.
  1573 | D:3      | Found a white marble altar of Elyvilon.
  1573 | D:3      | Found a shadowy altar of Dithmenos.
  1574 | D:3      | Found a snail-covered altar of Cheibriados.
  2089 | D:3      | Found a faded altar of an unknown god.
  2253 | D:4      | Found an opulent altar of Gozag.
  2592 | D:4      | Reached XP level 5. HP: 47/50 MP: 4/4
  2592 | D:4      | Noticed Grinder
  2648 | D:4      | Found a staircase to the Ecumenical Temple.
  2690 | Temple   | Entered the Ecumenical Temple
  3036 | D:4      | Paralysed by Grinder for 4 turns
  3049 | D:4      | Killed Grinder
  3050 | D:4      | Reached XP level 6. HP: 47/61 MP: 5/5
  3296 | D:5      | Entered Level 5 of the Dungeon
  3355 | D:5      | Reached XP level 7. HP: 67/67 MP: 6/6
  3440 | D:5      | Reached skill level 5 in Unarmed Combat
  4046 | D:5      | Noticed Sigmund
  4050 | D:5      | Reached XP level 8. HP: 71/78 MP: 7/7
  4986 | D:5      | Killed Sigmund
  5079 | D:6      | Found a sand-covered staircase.
  5087 | Ossuary  | Entered an ossuary
  5098 | Ossuary  | Reached skill level 5 in Throwing
  5111 | Ossuary  | Reached skill level 5 in Dodging
  5364 | D:6      | Found an ornate altar of the Wu Jian Council.
  5442 | D:6      | Reached skill level 5 in Fighting
  5599 | D:6      | Noticed a troll
  5607 | D:6      | Killed a troll
  5608 | D:6      | Reached XP level 9. HP: 88/88 MP: 8/8
  6287 | D:7      | Found a hazy altar of Hepliaklqana.
  6511 | D:7      | Found a hide-covered altar of Uskayaw.
  6863 | D:8      | Found a sparkling altar of Nemelex Xobeh.
  6938 | D:8      | Noticed Pikel
  6959 | D:8      | Killed Pikel
  7686 | D:9      | Found a staircase to the Lair.
  7686 | D:9      | Noticed an elephant
  7719 | D:9      | Reached XP level 10. HP: 55/98 MP: 9/9
  7742 | D:8      | Killed an elephant
  8178 | D:9      | Noticed a purple ugly thing
  8188 | D:9      | Killed a purple ugly thing
  8255 | D:9      | Found an iron altar of Okawaru.
  8255 | D:9      | Found a bloodstained altar of Trog.
  8293 | D:9      | Became a worshipper of Warmaster Okawaru
  8399 | D:10     | Entered Level 10 of the Dungeon
  8484 | D:10     | Noticed a two-headed ogre
  8619 | D:10     | Noticed Harold
  8653 | D:9      | Reached skill level 1 in Invocations
  8691 | D:9      | Killed Harold
  8691 | D:9      | Reached * piety under Okawaru
  8708 | D:10     | Noticed a cyclops
  8799 | D:10     | Killed a cyclops
  8799 | D:10     | Reached ** piety under Okawaru
  8800 | D:10     | Reached XP level 11. HP: 46/109 MP: 11/11
  8933 | D:10     | Killed a two-headed ogre
  8941 | D:10     | Noticed Josephine
  8978 | D:10     | Killed Josephine
  8978 | D:10     | Reached *** piety under Okawaru
  9125 | D:10     | Noticed an orc knight
  9470 | D:10     | Noticed a four-headed hydra
  9477 | D:10     | Killed a four-headed hydra
  9817 | D:10     | Killed an orc knight
 10028 | Lair:1   | Entered Level 1 of the Lair of Beasts
 10042 | Lair:1   | Received a gift from Okawaru
 10790 | Lair:2   | Noticed a lindwurm
 10793 | Lair:2   | Killed a lindwurm
 10793 | Lair:2   | Reached **** piety under Okawaru
 10957 | Lair:2   | Got Kaukeschu's Easy Sorcery
 11155 | Lair:2   | Reached skill level 10 in Unarmed Combat
 11325 | Lair:2   | Reached ***** piety under Okawaru
 11325 | Lair:2   | Received a gift from Okawaru
 11561 | Lair:2   | Found a staircase to the Snake Pit.
 11604 | Lair:2   | Reached XP level 12. HP: 95/120 MP: 14/14
 12124 | Lair:3   | Reached skill level 5 in Invocations
 12233 | Lair:3   | Found a staircase to the Swamp.
 12362 | Lair:3   | Noticed Fannar
 12377 | Lair:3   | Killed Fannar
 13008 | Lair:4   | Found a staircase to the Slime Pits.
 13177 | Lair:4   | Noticed a four-headed hydra
 13472 | Lair:4   | Killed a four-headed hydra
 13472 | Lair:4   | Received a gift from Okawaru
 13523 | Lair:4   | Identified the +1 robe of Virtue {rN++} (Okawaru gifted it
                  | to you on level 4 of the Lair of Beasts)
 13523 | Lair:4   | Received a gift from Okawaru
 13530 | Lair:4   | Reached skill level 10 in Throwing
 13668 | Lair:4   | Reached ****** piety under Okawaru
 13872 | Lair:4   | Reached XP level 13. HP: 107/131 MP: 17/17
 13917 | Lair:4   | Noticed Kirke
 14131 | Lair:3   | Killed Kirke
 14510 | Lair:5   | Entered Level 5 of the Lair of Beasts
 14857 | Lair:4   | Reached skill level 10 in Dodging
 15126 | Lair:4   | Reached skill level 10 in Fighting
 15404 | Lair:5   | Reached skill level 1 in Shields
 15475 | Lair:5   | Identified the +1 robe of Viegec {rPois rF++ Regen+ Stlth+}
                  | (Okawaru gifted it to you on level 5 of the Lair of Beasts)
 15475 | Lair:5   | Received a gift from Okawaru
 16717 | Lair:5   | Identified the ring of the Endless Expanse {rF- rC+ rN+
                  | rCorr AC+4}
 16891 | Lair:5   | Reached skill level 5 in Shields
 17374 | Lair:5   | Reached skill level 10 in Invocations
 17379 | Lair:5   | Reached XP level 14. HP: 119/143 MP: 20/20
 17874 | D:11     | Identified the +4 hand crossbow of the Inviting Queen
                  | {vorpal, rCorr Str+3} (Okawaru gifted it to you on level 11
                  | of the Dungeon)
 17874 | D:11     | Received a gift from Okawaru
 18295 | D:11     | Found Qagais's Demolitions Depot.
 18952 | D:12     | Received a gift from Okawaru
 19038 | D:12     | Found a staircase to the Orcish Mines.
 19542 | Orc:1    | Entered Level 1 of the Orcish Mines
 19613 | Orc:1    | Found Nuubiag's General Store.
 19897 | Orc:2    | Entered Level 2 of the Orcish Mines
 19901 | Orc:2    | Noticed Donald
 19925 | Orc:1    | Killed Donald
 19925 | Orc:1    | Identified the +0 robe "Funneir" {+Blink SInv} (Okawaru
                  | gifted it to you on level 1 of the Orcish Mines)
 19925 | Orc:1    | Received a gift from Okawaru
 20424 | Orc:1    | Noticed Sonja
 20425 | Orc:1    | Killed Sonja
 20619 | Orc:2    | Found Zily's Antique Armour Emporium.
 20867 | Orc:2    | Reached skill level 10 in Shields
 21212 | Orc:2    | Found Dayclu's Armour Shop.
 21248 | Orc:2    | Noticed Erolcha
 21355 | Abyss:1  | Cast into level 1 of the Abyss (Erolcha)
 21415 | Abyss:1  | Noticed a starcursed mass
 21477 | Abyss:1  | Found a corrupted altar of Lugonu.
 21509 | Abyss:1  | Noticed a tentacled starspawn
 21533 | Abyss:1  | Lost intelligence.
 21687 | Abyss:1  | Gained mutation: Your flesh is heat resistant. (rF+)
                  | [potion of mutation]
 21687 | Abyss:1  | Gained mutation: Your flesh is very heat resistant. (rF++)
                  | [potion of mutation]
 21687 | Abyss:1  | Gained mutation: [You occasionally lose the ability to
                  | drink potions when taking damage.] [potion of mutation]
 21687 | Abyss:1  | Gained mutation: You have an increased reservoir of magic.
                  | (+10% MP) [potion of mutation]
 21688 | Abyss:1  | Lost mutation: You have an increased reservoir of magic.
                  | (+10% MP) [potion of mutation]
 21688 | Abyss:1  | Lost mutation: [You occasionally lose the ability to drink
                  | potions when taking damage.] [potion of mutation]
 21688 | Abyss:1  | Lost mutation: Your flesh is very heat resistant. (rF++)
                  | [potion of mutation]
 21688 | Abyss:1  | Gained mutation: You have a pair of small horns on your
                  | head. [potion of mutation]
 21688 | Abyss:1  | Gained mutation: Your muscles are strong. (Str +4, Int/Dex
                  | -1) [potion of mutation]
 21716 | Abyss:1  | Lost mutation: Your muscles are strong. (Str +4, Int/Dex
                  | -1) [potion of mutation]
 21716 | Abyss:1  | Lost mutation: You have a pair of small horns on your head.
                  | [potion of mutation]
 21716 | Abyss:1  | Lost mutation: Your flesh is heat resistant. (rF+) [potion
                  | of mutation]
 21716 | Abyss:1  | Gained mutation: Armour fits poorly on your strangely
                  | shaped body. [potion of mutation]
 21716 | Abyss:1  | Gained mutation: You are robust. (+10% HP) [potion of
                  | mutation]
 21776 | Abyss:1  | Lost intelligence.
 21806 | Abyss:1  | Noticed a tentacled starspawn
 21806 | Abyss:1  | Noticed an Executioner
 21814 | Abyss:1  | HP: 7/171 [tentacled starspawn (6)]
 21815 | Abyss:1  | HP: 2/171 [Executioner (4)]
 21815 | Abyss:1  | Slain by an Executioner

Illustrated notes

Levels and vault maps discovered:
D:1:      lemuel_arrival_broad_hall, layout_loops_corners, hangedman_glass_teeth
D:2:      kennysheep_big_flooded_room, layout_rooms
D:3:      layout_loops_ring, grunt_temple_overflow_open,
          shapermc_ecumenical_altar_mp_ritualfount
D:4:      layout_cave_pods, nicolae_gozag_cash_rules_everything_around_me,
          minmay_temple_entry_large_hall, uniq_grinder
D:5:      layout_basic, serial_park_tiny_1, uniq_sigmund
D:6:      layout_rooms, nicolae_wu_jian_wuxing_cycle,
          chequers_ossuary_entry_cave, minivault_11, minivault_25, st_stairs_9
D:7:      layout_cave_pods, worldfamousw_hep_ancestral_shrine,
          eat_drink_and_be_merry_uskayaw
D:8:      layout_rooms, mainiacjoe_overflow_concentric_impassable, uniq_pikel
D:9:      layout_roguey, grunt_temple_overflow_bloody_war, david_lair_generic
D:10:     layout_basic, hangedman_decor_push, minmay_bent, uniq_josephine,
          uniq_harold
D:11:     layout_long_grid, nicolae_blasting_shop
D:12:     layout_stronghold, erik_orc_4
Temple:   zaba_magenta_temple
Lair:1:   layout_long_grid
Lair:2:   layout_long_grid, minmay_snake_entry_six_corridors, grunt_megastairs_1
Lair:3:   layout_loops_ring, skrybe_swamp_entry_bodies, serial_forest,
          infiniplex_forest_clump_curved, infiniplex_forest_end_2,
          infiniplex_forest_clump_small, infiniplex_forest_end_2,
          infiniplex_forest_lined_ring, infiniplex_forest_clump_curved,
          infiniplex_forest_end_3, infiniplex_forest_clump_long, uniq_fannar
Lair:4:   layout_loops_ring, slime_entry_1, lemuel_fruit_tree,
          serial_bayou_shore_b, uniq_kirke
Lair:5:   minmay_lair_end_enchanted_forest, layout_gridlike, special_room
          [special_room_mythical_zoo]
Orc:1:    layout_caves, serial_shops, nicolae_square_shop, uniq_sonja
Orc:2:    grunt_orc_community_town_hall, layout_caves,
          grunt_orc_community_big_house_2, grunt_orc_community_big_house_1,
          grunt_orc_community_house_1, grunt_orc_community_house_1,
          grunt_orc_community_house_3, grunt_orc_community_house_1,
          grunt_orc_community_house_1, serial_shops, shop, mines5_lemuel,
          uniq_erolcha, uniq_donald, uniq_urug
Abyss:1:  base: D:15, bh_abyss_negative

Skill      XL: |  1  2  3  4  5  6  7  8  9 10 11 12 13 14 |
---------------+-------------------------------------------+-----
Throwing       | 2 3 4 5 6 7 9 10 | 10.0
Fighting       | 2 3 4 5 6 7 8 9 10 | 10.0
Dodging        | 3 4 5 6 7 8 9 10 | 10.0
Unarmed Combat | 4 5 6 7 9 10 | 10.0
Invocations    | 2 4 6 10 | 10.0
Shields        | 5 10 | 10.8

Action                   |  1- 3 |  4- 6 |  7- 9 | 10-12 | 13-15 || total
-------------------------+-------+-------+-------+-------+-------++-------
Melee: Unarmed           |    95 |    96 |   366 |   534 |  1162 ||  2253
       Punch             |     2 |     1 |    11 |    19 |    23 ||    56
       Headbutt          |       |       |       |       |     4 ||     4
Throw: Large rock        |     1 |     5 |     2 |    31 |    68 ||   107
       Dart              |       |     4 |     5 |    20 |       ||    29
       Javelin           |       |     4 |       |     4 |     5 ||    13
       Boomerang         |       |       |     6 |     4 |       ||    10
       Throwing net      |       |       |       |     2 |       ||     2
Evoke: Wand              |       |       |       |     7 |     3 ||    10
  Use: Scroll            |       |    11 |     5 |    15 |     6 ||    37
       Potion            |       |       |       |     4 |    10 ||    14
 Stab: Sleeping          |     2 |     1 |       |       |     2 ||     5
       Distracted        |     1 |       |       |       |     1 ||     2
       Invisible         |       |       |       |     1 |       ||     1
Armor: Robe              |    34 |    23 |   132 |   152 |   454 ||   795
Dodge: Dodged            |    33 |    49 |   233 |   310 |   738 ||  1363
Block: Kite shield       |       |       |       |       |   420 ||   420
